 Dungeon Crawl Stone Soup version 0.24.0-1-gfbc8707 (webtiles) character file.

Game seed: 274138643255181718, levelgen mode: deterministic

714 PolloIta the Chopper (level 7, 0/64 HPs)
             Began as a Minotaur Berserker on Dec 5, 2019.
             Was an Elder of Trog.
             Slain by Menkaure (22 damage)
             ... on level 5 of the Dungeon.
             The game lasted 00:17:09 (4094 turns).

PolloIta the Chopper (Minotaur Berserker)           Turns: 4094, Time: 00:17:09

Health: 0/64       AC:  7    Str: 24    XL:     7   Next: 41%
Magic:  6/6        EV: 11    Int:  4    God:    Trog [****..]
Gold:   94         SH:  0    Dex:  9    Spells: 6/6 levels left

rFire    x . .     SeeInvis .   b - +0 hand axe (chop)
rCold    + . .     Gourm    +   (no shield)
rNeg     + . .     Faith    .   n - +1 scale mail
rPois    .         Spirit   .   (helmet restricted)
rElec    .         Reflect  .   (no cloak)
rCorr    .         Harm     .   (no gloves)
MR       .....                  (no boots)
Stlth    ..........             d - amulet of the gourmand
HPRegen  0.20/turn              o - ring of ice
MPRegen  0.10/turn              p - ring of positive energy

@: no status effects
A: retaliatory headbutt, horns 2
a: Berserk, Trog's Hand, Brothers in Arms, Renounce Religion


You were on level 5 of the Dungeon.
You worshipped Trog.
Trog was greatly pleased with you.
You were very full.

You visited 1 branch of the dungeon, and saw 5 of its levels.

You collected 172 gold pieces.
You spent 78 gold pieces at shops.

Inventory:

Hand Weapons
 b - a +0 hand axe of chopping (weapon)
Missiles
 j - 70 stones (quivered)
Armour
 n - a +1 scale mail (worn)
Jewellery
 a - an uncursed ring of flight {unknown}
 d - an amulet of the gourmand (around neck)
 m - an uncursed amulet of the acrobat {unknown}
 o - a ring of ice (left hand)
 p - a ring of positive energy (right hand)
 v - an uncursed ring of flight {unknown}
Wands
 c - a wand of enslavement (8)
Scrolls
 e - 2 scrolls of enchant armour
 f - 2 scrolls of remove curse
 g - 3 scrolls of identify
 i - 2 scrolls of noise {unknown}
 k - 2 scrolls of magic mapping {unknown}
 l - 2 scrolls of blinking
 r - 3 scrolls of teleportation {unknown}
Potions
 h - a potion of resistance
 q - a potion of degeneration {unknown}
 s - 2 potions of lignification
 u - a potion of curing
Comestibles
 t - 6 rations


   Skills:
 + Level 6.4 Fighting
 + Level 7.6 Axes
 + Level 0.2 Throwing
 * Level 3.3 Armour
 * Level 4.0 Dodging
 + Level 0.8 Stealth


You had 6 spell levels left.
You didn't know any spells.
Your spell library was empty.

Dungeon Overview and Level Annotations

Branches:
Dungeon (5/15)
 Temple: D:4-7

Altars:

Shops:
D:4 !

Annotations:
D:5 Menkaure


Innate Abilities, Weirdness & Mutations

You reflexively headbutt those who attack you in melee.
You have a pair of horns on your head.


Message History

Menkaure shouts!
Menkaure calls on the powers of darkness!
Your body is wracked with pain!
Menkaure calls on the powers of darkness!
Your body is wracked with pain!
You are too injured to fight recklessly!
You are too injured to fight recklessly!
You are too injured to fight recklessly!
You are too injured to fight recklessly!
You are too injured to fight recklessly!
You are too injured to fight recklessly!
You are too injured to fight recklessly!
You are too injured to fight recklessly!
You are too injured to fight recklessly!
You hit Menkaure.
Menkaure is moderately damaged.
You hit Menkaure.
Menkaure is severely damaged.
Menkaure hits you!!
You die...

.......#########.#
#..###.# #.#
#....#.# #.#
##.#.#.# #.#
...#.#.# #.#
##...#.# #.#
#.###.# #.# #.#
#.## #.# #.#
#..#### #@# #.#
#.....# #M#
##.###.#.#.## #.#
.g..........## #.#
##.##..#.#...###.#
#.###........##.#
#># ###.......#.#
#.# #..........#
#.# ##.......#


You could see Menkaure.

Vanquished Creatures
  Sigmund (D:2)
  A centaur (D:5)
  A howler monkey (D:4)
  An orc priest (D:3)
  3 orc wizards (D:3)
  3 worker ants (D:4)
  A killer bee zombie (D:5)
  A hound skeleton (D:4)
  2 gnolls
  8 adders
  5 oozes
  4 worms
  A dart slug (D:2)
  17 orcs
  6 bats
  3 giant cockroaches
  9 goblins
  7 hobgoblins
  12 jackals
  5 quokkas
  A ball python (D:3)
  A ball python skeleton (D:4)
  6 frilled lizards
  10 kobolds
  4 rats
113 creatures vanquished.

Notes
Turn   | Place    | Note
-------+----------+-------------------------------------------
     0 | D:1      | PolloIta the Minotaur Berserker began the quest for the
                  | Orb.
     0 | D:1      | Reached XP level 1. HP: 19/19 MP: 0/0
   131 | D:1      | Reached XP level 2. HP: 26/27 MP: 1/1
   437 | D:2      | Reached skill level 4 in Axes
   815 | D:2      | Reached XP level 3. HP: 33/33 MP: 2/2
  1059 | D:1      | Reached ** piety under Trog
  1437 | D:2      | Noticed Sigmund
  1454 | D:2      | Killed Sigmund
  1454 | D:2      | Reached skill level 5 in Fighting
  1454 | D:2      | Reached skill level 5 in Axes
  1454 | D:2      | Reached XP level 4. HP: 42/42 MP: 3/3
  1454 | D:2      | Reached XP level 5. HP: 48/48 MP: 4/4
  1833 | D:3      | Reached skill level 6 in Axes
  2282 | D:4      | Reached XP level 6. HP: 19/57 MP: 5/5
  2521 | D:4      | Reached *** piety under Trog
  2534 | D:4      | Found Emopive's Distillery.
  2656 | D:4      | Bought a potion of lignification for 39 gold pieces
  2656 | D:4      | Bought a potion of curing for 39 gold pieces
  3193 | D:3      | Reached skill level 7 in Axes
  3273 | D:3      | Reached XP level 7. HP: 43/63 MP: 6/6
  3771 | D:5      | Entered Level 5 of the Dungeon
  3945 | D:5      | Reached **** piety under Trog
  4088 | D:5      | Noticed Menkaure
  4094 | D:5      | Slain by Menkaure

Levels and vault maps discovered:
D:1:      giann_forest_graveyard, layout_basic, corner_web_ring
D:2:      layout_basic, uniq_sigmund
D:3:      layout_loops_cross, first_ration, cheibrodos_sewer_entry_sluice,
          skrybe_limestone_x
D:4:      layout_rooms, serial_shops, shop
D:5:      layout_loops_ring, minmay_temple_entry_proselytizer, serial_glass,
          glass_columns_b, glass_columns_b, glass_columns_a, glass_columns_a,
          glass_columns_a, glass_columns_b, glass_columns_a, glass_columns_a,
          uniq_menkaure

Skill      XL: |  1  2  3  4  5  6  7 |
---------------+----------------------+-----
Axes           | 4 5 6 7 |  7.6
Fighting       | 4 5 6 |  6.4
Dodging        | 3 4 |  4.0
Armour         | 3 |  3.3
Throwing       | |  0.2
Stealth        | |  0.8

Action                   |  1- 3 |  4- 6 |  7- 9 || total
-------------------------+-------+-------+-------++-------
Melee: Hand axe          |    79 |   118 |    58 ||   255
       Headbutt          |     9 |    16 |    10 ||    35
Throw: Stone             |       |     5 |       ||     5
Invok: Berserk           |     1 |       |       ||     1
  Use: Scroll            |       |     4 |       ||     4
       Potion            |       |     3 |       ||     3
  Eat: Chunk             |     1 |     5 |     9 ||    15
       Ration            |       |     1 |       ||     1
Armor: Animal skin       |     8 |    20 |       ||    28
       Scale mail        |       |     4 |    15 ||    19
Dodge: Dodged            |    48 |    82 |    26 ||   156
